 Dungeon Crawl Stone Soup version 0.21-a0-243-g597973d (webtiles) character file.

3444 tidbits the Martial Artist (level 9, -2/71 HPs)
             Began as a Demigod Transmuter on Sept 4, 2017.
             Slain by a two-headed ogre
             ... wielding a +0 giant club
              (5 damage)
             ... on level 8 of the Dungeon.
             The game lasted 00:39:11 (4798 turns).

tidbits the Martial Artist (Demigod Transmuter)     Turns: 4798, Time: 00:39:11

Health: -2/71      AC:  4    Str: 13    XL:     9   Next: 49%
Magic:  9/19       EV: 14    Int: 23    God:
Gold:   582        SH:  0    Dex: 16    Spells: 6/17 levels left

rFire    . . .     SeeInvis .     - Unarmed
rCold    + + .     Gourm    .   (shield currently unavailable)
rNeg     . . .     Faith    .   B - +0 robe
rPois    .         Spirit   .   (helmet restricted)
rElec    .         Reflect  .   C - +0 cloak
rCorr    .         Harm     .   (gloves currently unavailable)
MR       .....                  F - +0 pair of boots
Stlth    +.........             R - amulet of magic regeneration
HPRegen  0.21/turn              m - +2 ring of intelligence
MPRegen  0.41/turn              Q - ring of protection from cold

@: blade hands, very slightly contaminated
A: antennae 1, cold resistance 1, dopey 1, high mp 1
a: End Transformation


You were on level 8 of the Dungeon.
You were not hungry.
You had blades for hands.
You visited 1 branch of the dungeon, and saw 9 of its levels.
You also visited: Sewer.

You collected 582 gold pieces.

Inventory:

Hand Weapons
 a - the +8 hand axe "Leviticus" (melded) {venom, rF+ Int+2 Dex+3 SInv}
   (You found it on level 5 of the Dungeon)

   It poisons the flesh of those it strikes.
   It affects your intelligence (+2).
   It affects your dexterity (+3).
   It protects you from fire.
   It lets you see invisible.
 b - a +2 quarterstaff of chaos
   (You took it off Crazy Yiuf on level 2 of the Dungeon)
 s - a +1 scythe of venom
   (You took it off Sigmund on level 2 of the Dungeon)
 v - a cursed +0 blowgun
 y - a +1 shortbow of flaming
   (You found it in a sewer)
 I - a +0 dagger of electrocution
   (You took it off an orc on level 5 of the Dungeon)
Missiles
 k - 87 stones
 n - 7 poisoned tomahawks (quivered)
 u - 42 poisoned needles
 H - 104 arrows
 P - a throwing net {!f}
Armour
 z - a +2 ring mail of fire resistance
   (You took it off an orc on level 5 of the Dungeon)
 B - a +0 robe (worn)
 C - a +0 cloak (worn)
 E - a +0 helmet
 F - a +0 pair of boots (worn)
 G - a +0 pair of gloves (melded)
 S - a +0 buckler
Jewellery
 m - a +2 ring of intelligence (left scythe-like blade)
   (You found it on level 1 of the Dungeon)
 J - an uncursed ring of teleportation
   (You found it on level 5 of the Dungeon)
 Q - a ring of protection from cold (right scythe-like blade)
   (You found it on level 6 of the Dungeon)
 R - an amulet of magic regeneration (around neck)
   (You found it on level 5 of the Dungeon)
Wands
 w - a wand of random effects (25/48)
Scrolls
 e - 3 scrolls of fog {unknown}
 j - 2 scrolls of random uselessness {unknown}
 p - 2 scrolls of amnesia {unknown}
 q - 5 scrolls of teleportation
 r - 3 scrolls of remove curse
 A - 3 scrolls of magic mapping {unknown}
 M - 3 scrolls of enchant weapon {unknown}
 N - a scroll of recharging {unknown}
Potions
 f - 2 potions of haste
 g - 4 potions of heal wounds
 h - 2 potions of might
 i - a potion of resistance
 o - a potion of flight {unknown}
 t - a potion of berserk rage
 D - a potion of lignification {unknown}
 L - a potion of agility {unknown}
 O - a potion of curing {unknown}
Books
 c - a book of Changes

   Spells                             Type                      Level
   a - Beastly Appendage              Transmutation                1
   b - Sticks to Snakes               Transmutation                2
   c - Spider Form                    Transmutation/Poison         3
   d - Ice Form                       Ice/Transmutation            4
   e - Blade Hands                    Transmutation                5
Comestibles
 d - 5 bread rations
 l - 15 fruits
 x - 2 royal jellies
 K - a chunk of flesh


   Skills:
 + Level 4.2 Fighting
 + Level 4.3 Dodging
 + Level 8.2 Unarmed Combat
 - Level 4.5 Spellcasting
 + Level 7.1 Transmutations


You had 6 spell levels left.
You knew the following spells:

 Your Spells              Type           Power        Failure   Level  Hunger
e - Beastly Appendage     Tmut           #####.       12%         1    None
h - Blade Hands           Tmut           #####.....   54%         5    #####..
k - Sticks to Snakes      Tmut           #####...     14%         2    None
p - Spider Form           Tmut/Pois      ###.......   38%         3    ##.....


Dungeon Overview and Level Annotations

Branches:
Dungeon (9/15)             Temple (0/1) D:6
   Lair: D:8-11         Orc: D:9-12


Innate Abilities, Weirdness & Mutations

You have an increased reservoir of magic. (+10% MP)
You have a pair of small antennae on your head.
Your flesh is cold resistant. (rC+)
You are dopey. (Int -2)


Message History

Found an escape hatch in the floor.
A two-headed ogre comes into view.
It is wielding a giant club and a dire flail of crushing.
The two-headed ogre shouts in stereo!
What are your orders? t - Hiss!
Orders for allies: a - Attack new target. r - Retreat! s - Stop attacking. g - Guard the area. f - Follow me.
Anything else - Cancel.
Gang up on whom?
Press: ? - help, Dir - move target cursor, f - two-headed ogre
Aim: a two-headed ogre, wielding a giant club and a dire flail of crushing Attack!
You swap places.
The two-headed ogre misses your water moccasin.
The two-headed ogre hits your water moccasin with a dire flail of crushing!!
You swap places.
Your water moccasin barely misses the two-headed ogre.
The two-headed ogre barely misses your water moccasin.
The two-headed ogre hits your water moccasin with a dire flail of crushing!
Your water moccasin dies!
Your water moccasin bites the two-headed ogre but does no damage.
The two-headed ogre hits your water moccasin with a giant club!
The two-headed ogre misses your water moccasin.
What are your orders? t - Hiss!
Orders for allies: a - Attack new target. p - Attack previous target. r - Retreat! s - Stop attacking. g - Guard the area. f - Follow me.
Anything else - Cancel.
Gang up on whom?
Press: ? - help, Dir - move target cursor, f/p - two-headed ogre
Aim: a two-headed ogre, wielding a giant club and a dire flail of crushing Attack!
Your water moccasin bites the two-headed ogre but does no damage.
The two-headed ogre closely misses your water moccasin.
The two-headed ogre barely misses your water moccasin.
Your water moccasin withers and dies!
The two-headed ogre hits your adder with a giant club!!
Your adder dies!
An orc comes into view.
The orc shouts!
An orc comes into view. It is wielding a mace.
Your transformation has ended.
The +8 hand axe "Leviticus" {venom, rF+ Int+2 Dex+3 SInv} unmelds from your body.
Your +0 cloak unmelds from your body.
Your +0 pair of gloves unmelds from your body.
Your +0 pair of boots unmelds from your body.
Your +0 robe unmelds from your body.
The +8 hand axe "Leviticus" {venom, rF+ Int+2 Dex+3 SInv} begins to drip with poison!
Casting: Spider Form
Confirm with . or Enter, or press ? or * to list all spells.
You create 2 snakes!
You now have 105 arrows.
Casting: Sticks to Snakes
Confirm with . or Enter, or press ? or * to list all spells.
You create a snake!
You now have 104 arrows.
Casting: Sticks to Snakes
Confirm with . or Enter, or press ? or * to list all spells.
Your hands turn into razor-sharp scythe blades.
The +8 hand axe "Leviticus" {venom, rF+ Int+2 Dex+3 SInv} melds into your body.
Your +0 pair of gloves melds into your body.
The +8 hand axe "Leviticus" {venom, rF+ Int+2 Dex+3 SInv} stops dripping with poison.
The orc misses your adder.
The two-headed ogre closely misses your adder.
The two-headed ogre hits your adder with a dire flail of crushing!
Your adder dies!
Your ball python bites the two-headed ogre.
Casting: Blade Hands
Confirm with . or Enter, or press ? or * to list all spells.
You miscast Sticks to Snakes.
You are very lightly contaminated with residual magic.
Your scythe-like blades glow momentarily.
Your ball python bites the two-headed ogre but does no damage.
The two-headed ogre hits your adder with a giant club!
Your adder dies!
Casting: Sticks to Snakes
Confirm with . or Enter, or press ? or * to list all spells.
You miscast Sticks to Snakes.
You smell something strange.
The orc closely misses you.
Your ball python bites the two-headed ogre but does no damage.
You slash the two-headed ogre!
The two-headed ogre is moderately wounded.
The orc hits you.
Your ball python barely misses the two-headed ogre.
You slash the two-headed ogre! x2
The two-headed ogre is heavily wounded.
The two-headed ogre hits you with a giant club!
The two-headed ogre hits you with a dire flail of crushing.
The orc hits you.
* * * LOW HITPOINT WARNING * * *
Your ball python bites the two-headed ogre but does no damage.
You slice the two-headed ogre!!
The two-headed ogre is almost dead.
You hear a shout!
Your ball python bites the two-headed ogre but does no damage.
The two-headed ogre hits you with a giant club!
* * * LOW HITPOINT WARNING * * *
The two-headed ogre hits you with a dire flail of crushing!
* * * LOW HITPOINT WARNING * * *
You die...

### ### ######.#
#########.# #......#
#.........# #.####.#
#.#######.# #.#..#.###.#
#.###### #...<#.....#
#.......
##########################
####.......S.........
#>.........O@o.#
#.##.†....####.#
#)##......# .# #.##......#
.. #.##.#.###### #.#
#....O........ .o
####.#.######. o.# ###.#.#
#.. #...#.#


You could see a two-headed ogre, an orc and a friendly ball python.

Vanquished Creatures
  A troll (D:8)
  A hippogriff (D:8)
  Sigmund (D:2)
  4 ice beasts
  A necrophage (D:7)
  A phantom (D:6)
  5 ogres
  3 centaurs
  A big kobold (D:7)
  8 bullfrogs
  A scorpion (D:5)
  2 wights (D:7)
  A centaur zombie (D:3)
  2 crimson imps
  3 hounds
  An orc priest (D:4)
  Crazy Yiuf (D:2)
  An iguana (D:7)
  Jessica (D:2)
  A centaur skeleton (D:5)
  3 orc wizards
  3 worker ants
  2 worker ant zombies (D:7)
  Robin (D:2)
  9 adders
  9 river rats
  2 shadow imps
  3 oozes
  3 worms (D:2)
  12 dart slugs
  The ghost of RandomMack the Sneak, a weakling SpAs (D:4)
  13 leopard geckos
  17 orcs
  5 bats
  12 giant cockroaches
  15 hobgoblins
  6 jackals
  9 quokkas
  2 ball pythons
  8 frilled lizards
  8 goblins
  8 kobolds
  2 quokka skeletons
  24 rats
217 creatures vanquished.

Vanquished Creatures (collateral kills)
  A water moccasin (D:8)
  A bullfrog skeleton (D:8)
  A worker ant (D:4)
  A shadow imp (D:3)
  An orc (D:4)
  A ball python (D:6)
  A jackal (D:3)
7 creatures vanquished.

Grand Total: 224 creatures vanquished

Notes
Turn   | Place    | Note
-------+----------+-------------------------------------------
     0 | D:1      | tidbits the Demigod Transmuter began the quest for the Orb.
     0 | D:1      | Reached XP level 1. HP: 15/15 MP: 5/5
    65 | D:1      | Reached skill level 2 in Spellcasting
   114 | D:2      | Found a runed door.
   172 | D:2      | Noticed Sigmund
   319 | D:1      | Reached XP level 2. HP: 15/22 MP: 7/7
   323 | D:1      | Learned a level 2 spell: Sticks to Snakes
   463 | D:1      | Reached skill level 2 in Transmutations
   504 | D:1      | Reached skill level 3 in Unarmed Combat
   595 | D:2      | Found a shimmering altar of Xom.
   686 | D:2      | Noticed Jessica
   688 | D:2      | Killed Jessica
   688 | D:2      | Reached XP level 3. HP: 21/27 MP: 9/9
   693 | D:2      | Learned a level 3 spell: Spider Form
   768 | D:2      | Noticed Robin
   777 | D:2      | Killed Robin
   922 | D:3      | Reached XP level 4. HP: 21/34 MP: 3/10
   968 | D:2      | Gained mutation: You are dopey. (Int -2) [potion of mutation]
   968 | D:2      | Gained mutation: Your flesh is cold resistant. (rC+) [potion of mutation]
   968 | D:2      | Gained mutation: You have a pair of small antennae on your head. [potion of mutation]
  1236 | D:2      | Noticed Crazy Yiuf
  1244 | D:2      | Killed Crazy Yiuf
  1244 | D:2      | Reached skill level 4 in Unarmed Combat
  1345 | D:2      | Killed Sigmund
  1345 | D:2      | Reached skill level 5 in Unarmed Combat
  1345 | D:2      | Reached skill level 3 in Transmutations
  1345 | D:2      | Reached XP level 5. HP: 39/39 MP: 1/11
  1493 | D:3      | Reached skill level 1 in Fighting
  1572 | D:3      | Reached XP level 6. HP: 23/47 MP: 1/12
  1719 | D:4      | Reached skill level 2 in Dodging
  1929 | D:3      | Found a stormy altar of Qazlal.
  2100 | D:4      | Reached XP level 7. HP: 40/53 MP: 9/13
  2155 | D:4      | Noticed RandomMack's ghost (weakling SpAs)
  2160 | D:4      | Killed RandomMack's ghost
  2173 | D:4      | Reached skill level 6 in Unarmed Combat
  2185 | D:4      | Found a glowing drain.
  2202 | Sewer    | Entered a sewer
  2294 | Sewer    | Reached skill level 2 in Fighting
  2294 | Sewer    | Reached skill level 4 in Transmutations
  2539 | D:5      | Entered Level 5 of the Dungeon
  2606 | D:4      | Reached skill level 3 in Dodging
  2982 | D:5      | Reached skill level 3 in Fighting
  3037 | D:5      | Reached XP level 8. HP: 63/63 MP: 6/14
  3113 | D:5      | Reached skill level 7 in Unarmed Combat
  3133 | D:5      | Found a burning altar of Makhleb.
  3133 | D:5      | Noticed an Executioner
  3183 | D:5      | Got an encrusted hand axe
  3184 | D:5      | Identified the +8 hand axe "Leviticus" {venom, rF+ Int+2 Dex+3 SInv} (You found it on level 5 of the Dungeon)
  3322 | D:6      | Reached skill level 5 in Transmutations
  3364 | D:8      | Noticed a troll
  3375 | D:8      | Killed a troll
  3375 | D:8      | Reached skill level 4 in Dodging
  3507 | D:7      | Reached skill level 4 in Fighting
  3513 | D:7      | Reached skill level 8 in Unarmed Combat
  3787 | D:6      | Found a staircase to the Ecumenical Temple.
  3849 | D:6      | Reached XP level 9. HP: 61/71 MP: 15/15
  3856 | D:6      | Learned a level 5 spell: Blade Hands
  3860 | D:6      | Found a blossoming altar of Fedhas.
  4201 | D:7      | Reached skill level 3 in Spellcasting
  4201 | D:7      | Reached skill level 6 in Transmutations
  4578 | D:8      | Reached skill level 4 in Spellcasting
  4731 | D:9      | Reached skill level 7 in Transmutations
  4770 | D:8      | Noticed a two-headed ogre
  4798 | D:8      | HP: 3/71 [two-headed ogre/giant club (15)]
  4798 | D:8      | Slain by a two-headed ogre

Vault maps used:
D:1:      onia_arrival_mini_spirals
D:2:      nicolae_overflow_crystal_walls, first_bread, grunt_decor_cap,
          uniq_jessica, uniq_robin, uniq_crazy_yiuf_cottage, uniq_sigmund
D:3:      kennysheep_slugbush, minmay_crystal_room, grunt_decor_one_mirror,
          minmay_stone_trees_small, nicolae_qazlal_general_emergency
D:4:      gup_sewer_entry_pipe, uniq_purgy
D:5:      lemuel_ratsnest, makhleb_altar_promises_db
D:6:      minmay_temple_entry_junction_2, fedhas_altar_2
D:7:      serial_undead, serial_undead_c, serial_undead_b, serial_undead_e,
          serial_undead_b, kennysheep_nub
D:8:      serial_shops, nicolae_shop_statue_plus, kennysheep_cross_room,
          hangedman_ranch, nicolae_ru_path_of_blood
D:9:      basic_altar
Sewer:    sewer_frog_island_01

Skill      XL: |  1  2  3  4  5  6  7  8  9 |
---------------+----------------------------+-----
Spellcasting   | 2 4 |  4.5
Transmutations | 2 3 4 5 7 |  7.1
Unarmed Combat | 3 5 6 8 |  8.2
Fighting       | 1 3 4 |  4.2
Dodging        | 2 3 4 |  4.3

Action                   |  1- 3 |  4- 6 |  7- 9 || total
-------------------------+-------+-------+-------++-------
Melee: Unarmed           |    79 |   113 |   328 ||   520
       Kick              |     9 |       |       ||     9
       Headbutt          |     5 |       |       ||     5
       Scythe            |       |    16 |    22 ||    38
       Hand axe          |       |       |    32 ||    32
       Punch             |       |       |     3 ||     3
Throw: Tomahawk          |     7 |       |       ||     7
 Cast: Beastly Appendage |    17 |       |       ||    17
       Spider Form       |     5 |    20 |    44 ||    69
       Sticks to Snakes  |       |    11 |    11 ||    22
       Blade Hands       |       |       |     2 ||     2
 Abil: End Transformatio |       |     1 |     1 ||     2
  Use: Scroll            |       |     3 |     6 ||     9
       Potion            |       |     1 |     1 ||     2
 Stab: Sleeping          |     1 |       |     4 ||     5
       Distracted        |       |     4 |       ||     4
  Eat: Chunk             |     1 |     7 |    13 ||    21
       Meat ration       |       |       |     1 ||     1
Armor: Robe              |     5 |     5 |    13 ||    23
       Skin              |     3 |     3 |    13 ||    19
Dodge: Dodged            |    39 |    95 |   274 ||   408

Table legend:
 A = Spawn XP
 B = Non-spawn XP
 C = Spawn XP percentage of total XP
 D = Spawn monster count
 E = Non-spawn monster count
 F = Spawn count percentage of total count
 G = Total turns spent on level
                    A         B        C        D         E        F      G
               +---------+---------+-------+---------+---------+-------+---------
         Total |     149 |    4772 |   3.0 |       8 |     216 |   3.6 |  4798
               +---------+---------+-------+---------+---------+-------+---------
           D:1 |       2 |      37 |   5.1 |       1 |      20 |   4.8 |   598
           D:2 |       5 |     370 |   1.3 |       1 |      26 |   3.7 |   861
           D:3 |       0 |     126 |   0.0 |       0 |      26 |   0.0 |   495
           D:4 |      42 |     461 |   8.3 |       1 |      30 |   3.2 |   405
           D:5 |      41 |     515 |   7.4 |       3 |      43 |   6.5 |   645
           D:6 |       0 |     892 |   0.0 |       0 |      17 |   0.0 |   406
           D:7 |      48 |    1161 |   4.0 |       1 |      20 |   4.8 |   695
           D:8 |      11 |     735 |   1.5 |       1 |      13 |   7.1 |   342
           D:9 |       0 |     229 |   0.0 |       0 |       3 |   0.0 |    75
         Sewer |       0 |     246 |   0.0 |       0 |      18 |   0.0 |   276
               +---------+---------+-------+---------+---------+-------+---------

Table legend:
 A = Turns spent in this place as a percentage of turns spent in the entire game.
 B = Non-inter-level travel turns spent in this place as a percentage of non-inter-level travel turns spent in the entire game.
 C = Inter-level travel turns spent in this place as a percentage of turns spent in this place.
 D = Turns resting spent in this place as a percentage of non-inter-level travel turns spent in this place.
 E = Turns spent auto-exploring this place as a percentage of non-inter-level travel turns spent in this place.
 F = Non-inter-level travel turns spent in this place divided by the number of levels of this place that you've seen.
                   A       B       C       D       E      F
               +-------+-------+-------+-------+-------+----------------------
         Total | 100.0 | 100.0 |   8.6 |   0.0 |   0.0 | 438.5
       Dungeon |  94.2 |  93.7 |   9.1 |   0.0 |   0.0 | 456.6
         Sewer |   5.8 |   6.3 |   0.0 |   0.0 |   0.0 | 276.0
               +-------+-------+-------+-------+-------+----------------------

Table legend:
 A = Kills in this place as a percentage of kills in entire the game.
 B = Kills by you in this place as a percentage of kills by you in the entire game.
 C = Kills by friends in this place as a percentage of kills by friends in the entire game.
 D = Other kills in this place as a percentage of other kills in the entire game.
 E = Experience gained in this place as a percentage of experience gained in the entire game.
 F = Experience gained in this place divided by the number of levels of this place that you have seen.
                   A       B       C       D       E      F
               +-------+-------+-------+-------+-------+----------------------
         Total | 100.0 | 100.0 | 100.0 |   N/A | 100.0 | 492.1
       Dungeon |  92.0 |  91.7 | 100.0 |   N/A |  95.0 | 519.4
         Sewer |   8.0 |   8.3 |   0.0 |   N/A |   5.0 | 246.0
               +-------+-------+-------+-------+-------+----------------------

Vault maps used:
D:1:      onia_arrival_mini_spirals
D:2:      nicolae_overflow_crystal_walls, first_bread, grunt_decor_cap,
          uniq_jessica, uniq_robin, uniq_crazy_yiuf_cottage, uniq_sigmund
D:3:      kennysheep_slugbush, minmay_crystal_room, grunt_decor_one_mirror,
          minmay_stone_trees_small, nicolae_qazlal_general_emergency
D:4:      gup_sewer_entry_pipe, uniq_purgy
D:5:      lemuel_ratsnest, makhleb_altar_promises_db
D:6:      minmay_temple_entry_junction_2, fedhas_altar_2
D:7:      serial_undead, serial_undead_c, serial_undead_b, serial_undead_e,
          serial_undead_b, kennysheep_nub
D:8:      serial_shops, nicolae_shop_statue_plus, kennysheep_cross_room,
          hangedman_ranch, nicolae_ru_path_of_blood
D:9:      basic_altar
Sewer:    sewer_frog_island_01
